[Event "85th Tata Steel Challengers 2023"]
[Site "Wijk aan Zee"]
[Date "2023.01.27"]
[Round "11.5"]
[White "Adhiban, B.."]
[Black "Mishra, Abhimanyu"]
[Result "1/2-1/2"]
[ECO "B99"]
[WhiteElo "2610"]
[BlackElo "2559"]
[Annotator "TA"]
[PlyCount "146"]
[EventDate "2023.01.10"]
[EventType "tourn"]
[EventCountry "NED"]
[SourceTitle "playchess.com"]
[Source "ChessBase"]
[SourceQuality "1"]
[TimeControl "40/6000+30:30/3000+30:900+30"]

1. e4 c5 2. Nf3 d6 3. d4 cxd4 4. Nxd4 Nf6 5. Nc3 a6 6. Bg5 e6 7. f4 Be7 8. Qf3 Qc7 9. O-O-O Nbd7 10. Be2 b5 11. a3 {[%emt 0:04:48] B99: Sicilian Najdorf: 6 Bg5 e6 7 f4 Be7 8 Qf3 Qc7 9 0-0-0 Nbd7.} Bb7 12. Kb1 h6 {[%emt 0:10:28] [#]} 13. Bxf6 $146 ({Predecessor:} 13. Bh4 O-O 14. Qe3 Rac8 15. Bf2 Nb6 16. Rhe1 Bd8 17. h3 Qb8 18. Rf1 Nc4 19. Bxc4 Rxc4 {0-1 Tsirakovsky,S (1838)-Kasabasic,D (1926) RB-2011-0-00106}) 13... Nxf6 14. Rhf1 Rc8 15. Bd3 Qb6 16. Nce2 b4 17. a4 Nd7 18. Nb3 Nc5 19. Nxc5 Qxc5 20. Nd4 O-O (20... Qxd4 $2 21. Bb5+ axb5 22. Rxd4 $18) 21. Nb3 Qc7 22. g4 e5 $1 23. g5 hxg5 24. fxg5 Bxg5 25. Qh5 Bf4 {[%emt 0:06:03] [#]} (25... f6 $11) 26. Rxf4 $1 $14 {[%emt 0:10:13][%mdl 64] Remove Defender} exf4 {[%emt 0:00:04] [#]} 27. e5 $1 {[%emt 0:00:04][%csl Gd3][%cal Rh5h7] The board is on fire. White is more active.} f5 $1 (27... dxe5 $2 28. Qh7#) (27... g6 $2 28. Rg1 $18) 28. Bxf5 $40 {[%emt 0:02:04][%mdl 128] White is up to no good.} Rxf5 29. Qxf5 Qf7 (29... dxe5 $2 30. Rd7 $18) (29... Rf8 $1 $14 30. Qe6+ Qf7 31. Qxd6 f3) 30. Qxf7+ $16 Kxf7 31. exd6 {[%emt 0:02:17][%cal Ob3c5][%mdl 4096] Endgame KRB-KRN} Bc6 32. Nc5 f3 33. Kc1 ({Don't play} 33. Nxa6 $6 b3 34. Nc7 (34. cxb3 f2 $11) 34... bxc2+ 35. Kxc2 Bxa4+ 36. b3 Bd7 $11) 33... a5 34. d7 Rd8 35. Rd4 Ke7 36. Kd2 f2 37. Ke2 Rf8 {[%emt 0:00:05] [#]} 38. d8=Q+ $1 {[%emt 0:01:13][%mdl 576] Deflection} Rxd8 39. Rxd8 Kxd8 40. Kxf2 {[%emt 0:00:11] KB-KN} Ke7 $2 (40... Kc7 $16) 41. b3 $2 (41. Ke3 $18) 41... Kd6 $11 {[%emt 0:14:54] The position is equal.} 42. Nd3 Be4 $1 43. Ke3 Kd5 44. Nf4+ Ke5 45. Nd3+ Kd5 $1 46. Kd2 Kd4 47. Nf4 {[%emt 0:00:00] Black must now prevent Ne6+.} Ke5 {[%emt 0:13:58] Against Ne6} 48. Nh3 Bd5 49. Ng1 g5 50. Nh3 g4 51. Nf2 Kf4 52. Ke2 Bc6 53. Nd3+ Ke4 54. Nf2+ Kf4 55. Nd3+ Ke4 56. Nb2 Bd5 57. Nd1 Kd4 58. Kd2 (58. Ne3 $5 Be6 $8 59. Kf2 $11) 58... Be6 59. Nf2 Bf5 60. Nh1 Be4 61. Nf2 Bf5 62. Nd3 Ke4 63. Ke2 Kd4 {[%emt 0:00:00] ...Kc3 would be deadly.} 64. Kd2 Ke4 65. Ne1 Kd4 66. Ng2 Ke4 67. Ne3 {[%emt 0:01:28] Hoping for Nxf5.} Be6 68. Ke2 Kd4 69. Kf2 Ke4 70. Nf1 Kd4 71. Ne3 Ke4 72. Ng2 Kd4 73. Ne3 Ke4 {[%emt 0:00:36] White really could win this.   Weighted Error Value: White=0.12 (very precise) /Black=0.09 (flawless)} 1/2-1/2

[Event "85th Tata Steel Challengers 2023"]
[Site "Wijk aan Zee"]
[Date "2023.01.27"]
[Round "11.6"]
[White "Vaishali, Rameshbabu"]
[Black "L'Ami, Erwin"]
[Result "1/2-1/2"]
[ECO "C79"]
[WhiteElo "2425"]
[BlackElo "2627"]
[Annotator "TA"]
[PlyCount "123"]
[EventDate "2023.01.10"]
[EventType "tourn"]
[EventCountry "NED"]
[SourceTitle "playchess.com"]
[Source "ChessBase"]
[SourceQuality "1"]
[TimeControl "40/6000+30:30/3000+30:900+30"]

1. e4 e5 2. Nf3 Nc6 3. Bb5 a6 4. Ba4 d6 5. O-O Bd7 6. c3 g6 7. d4 Bg7 8. Re1 Nf6 $1 {[%emt 0:01:18][%mdl 4] is more profitable than 8...Nge7 at the moment.} 9. Nbd2 {[%emt 0:01:35] C79: Ruy Lopez: Steinitz-type lines with 3...a6 4 Ba4 Nf6 5 0-0 d6.} O-O 10. Nf1 exd4 11. cxd4 Bg4 12. Bxc6 bxc6 13. h3 {[%emt 0:00:04] [#]} Bxf3 $146 ({Predecessor:} 13... Bd7 14. Bg5 Qb8 15. Qc2 Qb5 16. Ng3 Rfe8 17. Rac1 Rab8 18. b3 Qb4 19. Bd2 Qb6 {1-0 Vuillemin,G (2104)-Pietruske,S (2205) VW-Cup2 Gr12 email 2009}) 14. Qxf3 Nd7 15. Be3 Qb8 16. Qe2 Qb5 17. Rac1 Rac8 18. b3 f5 ({Better is} 18... d5 $14) 19. exf5 $16 gxf5 20. Qc4+ Rf7 21. Bf4 c5 22. dxc5 {[%emt 0:02:10] White is more active.} Nxc5 23. Red1 {[%emt 0:06:17] Inhibits Nd3.} Re8 24. Ng3 {[%emt 0:01:20] Inhibits Re2.} Ne6 25. Nh5 Bb2 26. Rc2 (26. Rd5 $5 Qxc4 27. Rxc4 $14) 26... Qxc4 27. Rxc4 Ng7 (27... Nxf4 $14 28. Nxf4 Re4) 28. Nxg7 Kxg7 29. Rc6 a5 30. Bd2 Ra8 31. Rb1 Bd4 32. Rbc1 Bb6 33. Be3 (33. Re1 $16) 33... Bxe3 $11 34. fxe3 {[%emt 0:00:02][%mdl 4096] Endgame KRR-KRR} Ra7 35. Kf2 Kf6 36. Kf3 Ke5 37. Rd1 Ra8 38. Rdc1 Ra7 39. Rd1 Rg7 40. Rdc1 Kd5 41. R1c2 h6 42. Kf4 Ke6 43. g3 Rf7 44. Rd2 Rf8 45. Rdc2 Kd7 46. R2c3 Rf7 47. Rc2 Ke6 48. Rd2 h5 49. Rd4 Rg7 50. Rdc4 Rh7 51. Kg5 Rb7 52. Ra6 Rb8 53. Kh4 Rg8 {[%emt 0:02:50] [#] And now ...Kf6 would win.} 54. e4 (54. Rxa5 $2 Kf6 55. g4 hxg4+ 56. Kg3 Rxh3+ 57. Kg2 c5 $19) 54... c5 {[%emt 0:02:43] The position is equal.} 55. exf5+ Kxf5 {[%emt 0:00:06][%cal Og8g4] ( -> ...Rg4+!)} 56. Rf4+ (56. Rxa5 $2 {gets mated.} Rg4+ 57. hxg4+ hxg4#) 56... Ke5 57. Rxa5 Rhg7 58. Rf3 Ke4 59. Rf4+ Ke5 60. Rf3 Ke4 61. Rf4+ Ke5 62. Rf3 {[%emt 0:00:00] Weighted Error Value: White=0.08 (flawless) /Black=0.07 (flawless)} 1/2-1/2

[Event "85th Tata Steel Challengers 2023"]
[Site "Wijk aan Zee"]
[Date "2023.01.27"]
[Round "11.7"]
[White "Supi, Luis Paulo"]
[Black "Roebers, Eline"]
[Result "1-0"]
[ECO "A20"]
[WhiteElo "2608"]
[BlackElo "2361"]
[Annotator "TA"]
[PlyCount "55"]
[EventDate "2023.01.10"]
[EventType "tourn"]
[EventCountry "NED"]
[SourceTitle "playchess.com"]
[Source "ChessBase"]
[SourceQuality "1"]
[TimeControl "40/6000+30:30/3000+30:900+30"]

1. c4 e5 2. d3 Bb4+ 3. Nd2 c5 4. Ngf3 Nc6 5. g3 {[%emt 0:04:28] [#]} f5 $146 ({Predecessor:} 5... Nge7 6. Bg2 O-O 7. O-O Ba5 8. Qc2 d6 9. a3 h6 10. e3 Bf5 11. Rb1 Qd7 {1-0 Bocharov,D (2524)-Bluebaum,M (2660) Titled Tuesday intern op 29th Sept blitz 2020 (6)}) 6. Bg2 {[%emt 0:01:08] A20: English Opening: 1...e5.} Nf6 7. O-O Ba5 8. a3 {[%emt 0:05:51][%cal Ob2b4] White is slightly better.} O-O {[%emt 0:03:21] [#]} (8... d6 $11) 9. b4 $1 $16 Bc7 10. bxc5 Qe8 11. Bb2 b6 12. Nh4 f4 13. cxb6 axb6 (13... Bxb6 $16 14. gxf4 exf4) 14. e3 $18 Kh8 (14... Ra5 $142 15. exf4 exf4) 15. exf4 exf4 16. Re1 Qf7 17. Ndf3 {[%emt 0:02:29] Black must now prevent Ng5.} Ra5 {[%emt 0:02:27] Repels Ng5} 18. Nd4 Nxd4 19. Bxd4 d5 20. cxd5 (20. Qb1 $16) 20... Nxd5 21. Rc1 {[%emt 0:03:27] White is more active.} Bb7 {[%emt 0:12:47] [#] Loses the game.} (21... Bd6 $16) 22. Qg4 $1 {[%emt 0:06:11][%cal Oh4f5] Strongly threatening Nf5!} Bd8 $2 {[%emt 0:03:30] [#]} (22... Bc8 {is a better defense.} 23. Bxd5 Rxd5 24. Qxg7+ Qxg7 25. Bxg7+ Kxg7) 23. Nf5 $1 {[%emt 0:02:44][%cal Rd4g7,Bh4f5,Bf5d6,Bd6c4][%mdl 608] Deflection. White is clearly winning.} Nf6 {[%emt 0:05:14] [#]} (23... Bf6 24. Nd6) 24. Nd6 $1 {[%emt 0:05:23][%mdl 64] Double Attack} Qg8 {[%emt 0:03:53] [#]} 25. Bxf6 (25. Qxf4 Bxg2 26. Kxg2 Qd5+ 27. Kg1 Rxa3 $16) 25... Bxg2 26. Bxd8 (26. Kxg2 Bxf6 27. Rc8 (27. Qxf4 Rxa3 28. Qe4 Ra2 $16) (27. gxf4 Qd5+ 28. Ne4 Rxa3 $11) 27... Ra8 $16) 26... Rxd8 27. Nc4 ({Weaker is} 27. Qxf4 Rf8 $18) (27. Kxg2 Rxd6 28. Rc8 (28. Qxf4 Rxd3 29. Rc7 Rd8 $16) 28... Rd8 29. Rxd8 Qxd8 30. Qxf4 h6 $18) (27. gxf4 Bd5 28. Nc4 Ra6 $16) 27... h5 28. Qg6 {[%emt 0:01:27] A superb game by Supi.   Weighted Error Value: White=0.10 (very precise) /Black=0.51} 1-0

[Event "85th Tata Steel Challengers 2023"]
[Site "Wijk aan Zee"]
[Date "2023.01.28"]
[Round "12.1"]
[White "Beerdsen, Thomas"]
[Black "Donchenko, Alexander"]
[Result "0-1"]
[ECO "B12"]
[WhiteElo "2515"]
[BlackElo "2627"]
[Annotator "TA"]
[PlyCount "44"]
[EventDate "2023.01.10"]
[EventType "tourn"]
[EventCountry "NED"]
[SourceTitle "playchess.com"]
[Source "ChessBase"]
[SourceQuality "1"]
[TimeControl "40/6000+30:30/3000+30:900+30"]

1. e4 c6 2. d4 d5 3. e5 Bf5 4. h4 h5 5. c4 e6 6. Nc3 dxc4 7. Bxc4 Nd7 8. Nge2 Be7 {[%emt 0:00:47] B12: Caro-Kann: Advance Variation.} 9. g3 Nh6 10. Bf4 Qb6 {[%emt 0:01:07] [#] The position is equal.} 11. O-O $146 ({Predecessor:} 11. Qd2 Rd8 12. Rd1 Ng4 13. Qc1 Qb4 14. Bb3 Be4 15. O-O {1-0 Beerdsen,T (2494)-Elgersma,O (2312) Hilversum op 2022 (4)}) 11... Rd8 12. Qc1 a6 13. Be3 {[%emt 0:14:01] [#]} (13. a4 $11 {keeps the balance.}) 13... c5 $1 $17 14. Rd1 Ng4 15. Bb3 O-O {[%emt 0:09:09] Black is more active.} 16. dxc5 (16. f3 $17 {was necessary.} Nxe3 17. Qxe3) 16... Bxc5 $19 {[%emt 0:02:20][%cal Be7c5,Bc5e3,Be3c1,Bc1b2][%mdl 32] Black is clearly better.} 17. Na4 Bxe3 18. Nxb6 Bxc1 {[%emt 0:02:42] A strong pair of Bishops.} 19. Nxd7 Bxb2 {[%emt 0:01:24][%mdl 64] [#] Trapped Piece, Double Attack} 20. Nxf8 Rxf8 21. Nd4 (21. f4 $17) 21... Bg6 {[%emt 0:05:02][%cal Og4e5][%mdl 1024] Black has strong compensation.} ({Not} 21... Nxe5 22. Nxf5 Bxa1 23. Ne7+ Kh7 24. Rxa1 $15) 22. Rac1 Nxe5 {[%emt 0:07:12] Weighted Error Value: White=0.29 (precise) /Black=0.12 (very precise)} 0-1

[Event "85th Tata Steel Challengers 2023"]
[Site "Wijk aan Zee"]
[Date "2023.01.28"]
[Round "12.2"]
[White "Yilmaz, Mustafa"]
[Black "Supi, Luis Paulo"]
[Result "1/2-1/2"]
[ECO "D35"]
[WhiteElo "2609"]
[BlackElo "2608"]
[Annotator "TA"]
[PlyCount "61"]
[EventDate "2023.01.10"]
[EventType "tourn"]
[EventCountry "NED"]
[SourceTitle "playchess.com"]
[Source "ChessBase"]
[SourceQuality "1"]
[TimeControl "40/6000+30:30/3000+30:900+30"]

1. d4 {[%emt 0:00:06] Krasenkow,Michal} d5 2. c4 e6 3. Nc3 Be7 4. cxd5 exd5 5. Bf4 Nf6 6. e3 Bf5 $1 {[%emt 0:00:41][%mdl 4] now scores much better than the old 6...0-0.} 7. Qb3 Nc6 8. g4 {[%emt 0:00:40] 8.a3 is not played anymore. D35: Queen's Gambit Declined: Exchange Variation.} Bc8 9. h3 {[%emt 0:10:37] [#]} O-O $146 ({Predecessor:} 9... Bd6 10. Bxd6 cxd6 11. Nge2 h5 12. g5 Ne4 13. h4 O-O 14. Bg2 Bg4 15. Nf4 Rc8 16. Qxd5 Nxc3 17. bxc3 {0-1 Morozevich,A (2700)-Onischuk,A (2683) Reggio Emilia 53rd 2010 (6)}) 10. Nge2 {[%emt 0:04:04] White is slightly better.} Na5 11. Qc2 Nc4 (11... c6 $11) 12. Ng3 Bd6 13. Bxd6 (13. g5 {is interesting.} Bxf4 14. exf4 Re8+ 15. Be2) 13... Nxd6 14. Bd3 Kh8 15. f3 b6 16. O-O-O (16. g5 $5 ) 16... c5 {[%emt 0:01:55] [#]} 17. g5 (17. dxc5 $1 $16 bxc5 18. Be2) 17... Nfe8 $14 18. h4 $36 {[%emt 0:02:36][%mdl 2048] Strongly threatening dxc5. White is more active.} (18. Bxh7 $2 Qxg5 19. dxc5 bxc5 $19) (18. Nxd5 $2 Bb7 19. Be4 cxd4 $17) 18... Bb7 (18... Be6 $14) 19. Kb1 {[%emt 0:03:26] White has more active pieces.} (19. dxc5 bxc5 20. Bxh7 Nc4 $11) (19. Bxh7 {is more complex.} cxd4 20. exd4 Nc4 21. Rdg1) 19... Rc8 20. Bxh7 cxd4 21. exd4 {[%emt 0:00:24] Bd3 would be deadly.} (21. Rxd4 $6 Nb5 22. Ra4 (22. Nxb5 Rxc2 23. Bxc2 Nc7 $11) 22... Ned6 $11) 21... Rxc3 22. bxc3 (22. Qxc3 Kxh7 23. Qa3 a5 $17) 22... Nc4 23. Qd3 {[%emt 0:00:59] Hoping for Ka1.} Qd6 (23... g6 $2 24. h5 (24. Bxg6 Qd6 $16) 24... Ba6 25. Ka1 $18 (25. hxg6 $2 {perishes.} Na3+ {[%mdl 64] Discovered Attack} 26. Kb2 Bxd3 $19) (25. hxg6 $2 Na3+ {[%mdl 64] Discovered Attack} 26. Kb2 Bxd3 $19)) 24. Nf1 (24. Rdg1 $16) 24... Nc7 (24... g6 $2 25. h5 Ba6 26. Ka1 $18) (24... Qa3 $1 $15 25. Rh2 Ba6) 25. Bf5 $11 {[%emt 0:01:58] Ka1 is the strong threat. The position is equal.} ({Of course not} 25. Nd2 Ba6 26. Nxc4 Bxc4 $15) 25... Ba6 {[%emt 0:01:41] Threatens to win with ...Na3+.} 26. Ka1 {[%emt 0:00:32] And now Qb1 would win.} Nb2 {[%emt 0:00:30][%mdl 64] [#] Discovered Attack, Double Attack. A dynamic duo of knights.} 27. Qc2 Nxd1 28. Qxd1 Qa3 29. Qd2 Nb5 30. Ne3 Nxc3 31. Qb2 {[%emt 0:00:02] Weighted Error Value: White=0.21 (precise) /Black=0.13 (very precise)} 1/2-1/2

[Event "85th Tata Steel Challengers 2023"]
[Site "Wijk aan Zee"]
[Date "2023.01.28"]
[Round "12.3"]
[White "Tabatabaei, M. Amin"]
[Black "Sindarov, Javokhir"]
[Result "1/2-1/2"]
[ECO "E36"]
[WhiteElo "2686"]
[BlackElo "2654"]
[Annotator "TA"]
[PlyCount "91"]
[EventDate "2023.01.10"]
[EventType "tourn"]
[EventCountry "NED"]
[SourceTitle "playchess.com"]
[Source "ChessBase"]
[SourceQuality "1"]
[TimeControl "40/6000+30:30/3000+30:900+30"]

1. d4 Nf6 2. c4 e6 3. Nc3 Bb4 4. Qc2 d5 5. a3 Bxc3+ 6. Qxc3 O-O 7. Bg5 dxc4 {[%emt 0:03:51] E36: Nimzo-Indian: Classical: 4...d5 5 a3.} 8. Qxc4 b6 9. Rd1 Ba6 10. Qa4 h6 {[%emt 0:20:16] 10...h6 scores better than 10...Qd7.} 11. Bh4 Qe8 12. Qxe8 Rxe8 13. Bxf6 gxf6 14. Nf3 Nd7 {[%emt 0:01:57] The position is equal.} 15. e3 Bb7 {[%emt 0:00:31] [#]} 16. Bc4 $146 ({Predecessor:} 16. Bb5 Red8 17. O-O Rac8 18. h3 a6 19. Be2 c5 20. dxc5 Nxc5 21. Rxd8+ Rxd8 22. Rd1 Rxd1+ 23. Bxd1 {½-½ Jimenez Martinez,J (2271)-Almagro Llamas,P (2413) ESP-chT CECLUB Div1 2021 (5.3)}) 16... Red8 17. Ke2 c5 18. dxc5 Nxc5 19. Rxd8+ Rxd8 20. Nd2 Kf8 (20... Bxg2 $2 21. Rg1 $18) 21. f3 f5 22. Rc1 Ke7 23. b4 Nd7 24. Bb5 Rc8 {[%emt 0:00:05] Prevents Rc7} 25. Rxc8 Bxc8 26. Bxd7 Bxd7 $11 {[%emt 0:00:21][%mdl 4096] Endgame KB-KN} 27. Nb1 Kd6 28. Nc3 f6 29. Kd3 e5 30. Ke2 Bc6 31. Kf2 f4 32. Ke2 f5 33. exf4 exf4 34. Kd3 {[%emt 0:00:03] Strongly threatening Kd4.} Ke5 35. Kc4 Bd7 36. Nd1 Be6+ 37. Kc3 Bd7 $1 38. Kc4 Be6+ 39. Kc3 Bd7 $1 40. Nb2 Bb5 41. Nd3+ Bxd3 42. Kxd3 {[%emt 0:00:39] [#] Threatens to win with Kc4.} b5 43. Kc3 Kd5 44. Kd3 Ke5 45. Kc3 Kd5 46. Kd3 {[%emt 0:00:05] Weighted Error Value: White=0.03 (flawless) /Black=0.03 (flawless)} 1/2-1/2

[Event "85th Tata Steel Challengers 2023"]
[Site "Wijk aan Zee"]
[Date "2023.01.28"]
[Round "12.4"]
[White "Ivic, Velimir"]
[Black "Roebers, Eline"]
[Result "1-0"]
[ECO "E11"]
[WhiteElo "2585"]
[BlackElo "2361"]
[Annotator "TA"]
[PlyCount "69"]
[EventDate "2023.01.10"]
[EventType "tourn"]
[EventCountry "NED"]
[SourceTitle "playchess.com"]
[Source "ChessBase"]
[SourceQuality "1"]
[TimeControl "40/6000+30:30/3000+30:900+30"]

1. d4 Nf6 2. c4 e6 3. Nf3 Bb4+ 4. Bd2 Bxd2+ 5. Qxd2 O-O 6. g3 d5 7. Bg2 c6 {[%emt 0:00:21] E11: Bogo-Indian.} 8. Qc2 b6 {[%emt 0:02:50] is more profitable than 8...Nbd7 at the moment.} 9. O-O Bb7 {[%emt 0:01:02] The position is equal.} 10. Nbd2 Nbd7 11. b4 a5 12. a3 axb4 13. axb4 {[%emt 0:00:18] [#]} c5 $146 ({Predecessor:} 13... Qe7 14. c5 Ba6 15. Rfe1 Bb5 16. e3 Rfc8 17. Ra2 Qd8 18. Rea1 h6 19. h3 Ne8 {½-½ Gleizerov,E (2567)-Tratar,M (2503) Trieste op 15th 2013 (7)}) 14. cxd5 Bxd5 15. e4 Bb7 16. e5 {[%emt 0:03:43] [#] Threatens to win with Rxa8.} Nd5 17. bxc5 bxc5 18. dxc5 Qc7 19. Rxa8 (19. Rac1 {looks sharper.} Nb4 20. Qb1 Rfb8 21. Ng5) 19... Rxa8 20. Rc1 {[%emt 0:04:21] c6 would be deadly.} Nxe5 (20... Bc6 $1 $14) 21. Nxe5 $16 Qxe5 22. c6 $40 {[%emt 0:02:19][%mdl 128] White wants a kill.} Ba6 (22... Bc8 $16) 23. Nf3 $2 (23. c7 $18 {is the precise move to win.} Rc8 24. Qa4 (24. Bxd5 Qxd5 25. Qc3 h6 $14)) 23... Qc7 (23... Qf6 $16 {was necessary.}) 24. Nd4 $18 Rd8 25. Qc5 {[%emt 0:01:37] Prevents Nb4. aiming for Ra1.} Nb6 (25... h6 $16 26. f4 Qd6) 26. h4 h6 27. Ra1 {[%emt 0:01:31] Inhibits Na4.} Bd3 28. Ra3 Bc4 29. Ra1 {[%emt 0:04:09][%cal Ba3a1,Ba1c1,Bc1d1,Bd1b1][%mdl 32] And now Rb1 would win.} Bd3 {[%emt 0:01:33] Prevents Rb1.} 30. h5 Rb8 31. Bf3 Rd8 32. Kg2 {[%emt 0:00:44] Hoping for Rd1.} Rb8 33. Rc1 Rd8 $2 {[%emt 0:01:21] [#]} (33... Ba6 34. Ra1 Ra8) 34. Rd1 $1 Bc4 35. Rb1 {[%emt 0:01:11] Weighted Error Value: White=0.26 (precise) /Black=0.45} 1-0

[Event "85th Tata Steel Challengers 2023"]
[Site "Wijk aan Zee"]
[Date "2023.01.28"]
[Round "12.5"]
[White "L'Ami, Erwin"]
[Black "Adhiban, B.."]
[Result "0-1"]
[ECO "C13"]
[WhiteElo "2627"]
[BlackElo "2610"]
[Annotator "TA"]
[PlyCount "168"]
[EventDate "2023.01.10"]
[EventType "tourn"]
[EventCountry "NED"]
[SourceTitle "playchess.com"]
[Source "ChessBase"]
[SourceQuality "1"]
[TimeControl "40/6000+30:30/3000+30:900+30"]

1. d4 e6 2. e4 d5 3. Nc3 Nf6 4. Bg5 dxe4 5. Nxe4 Be7 6. Nxf6+ Bxf6 7. Bxf6 Qxf6 8. Nf3 Bd7 {[%emt 0:00:10] C13: French: Classical System: 4 Bg5 Be7, Alekhine-Chatard Attack.} 9. c3 O-O 10. Qc2 {[%emt 0:22:17] [#]} Qg6 $146 {[%emt 0:40:47] The position is equal.} ({Predecessor:} 10... Bc6 11. Ne5 h6 12. O-O-O Rd8 13. Kb1 Bd5 14. c4 Bc6 15. f4 a6 16. Bd3 Nd7 17. Rhf1 Nxe5 18. fxe5 {½-½ Korinek,J (1965)-Van Bommel,T (2126) LSS No Engine Cup 117 Preliminary 0 2014}) 11. Qxg6 hxg6 12. h4 Rd8 13. Ne5 Nc6 14. Nxd7 Rxd7 15. O-O-O Rad8 16. Be2 Ne7 17. Bf3 c6 18. Rhe1 Rd6 19. g3 Kf8 20. Re5 Nd5 21. Kc2 f6 22. Re2 Kf7 23. a3 Nc7 24. Red2 Nd5 25. Be2 Ne7 26. Bc4 Nd5 27. Bb3 Nc7 28. Kc1 Rh8 29. Re1 Rhd8 30. Rde2 Rh8 31. Re4 Re8 32. Kc2 Rh8 33. Bc4 Nd5 34. Ba2 Nc7 35. f4 a5 36. a4 Rh5 37. Bb3 Rh8 38. R4e2 Nd5 39. Kc1 Nc7 40. Kb1 Ke7 41. Rh2 Nd5 42. Rhe2 Nc7 43. Bc2 Kf7 44. Re4 Nd5 45. Bb3 Nc7 46. Kc1 Ke7 47. c4 (47. Bc4 $11 {remains equal.}) 47... Rhd8 $17 48. d5 cxd5 49. cxd5 Rb6 $1 ({Of course not} 49... Nxd5 $6 50. Bxd5 Rxd5 51. Rxe6+ Kf8 52. Re7 $11) 50. Bc4 Nxd5 51. b3 Rdd6 52. Kb2 {[%emt 0:02:22] Prevents Nc3} Nb4 {[%emt 0:02:18] Hoping for ...Nd3+.} 53. R1e2 (53. R4e3 $142) 53... Nd3+ 54. Kc2 Nc5 55. R4e3 Rd4 56. Kc3 Rd1 {[%emt 0:09:00] Black is more active.} 57. Re1 Rxe1 58. Rxe1 {[%emt 0:00:07][%mdl 4096] Endgame KRB-KRN} f5 59. Re3 (59. Re5 $17 Rc6 60. Kb2) 59... Ne4+ $19 60. Kc2 Rc6 61. Kd1 b6 62. Ke2 Rd6 63. Ke1 (63. Bd3 $142 Nc5 64. Bc2) 63... Rd4 64. Bd3 Kd6 65. Bc4 (65. Rf3 $17 {keeps fighting.}) 65... Nc5 66. Be2 Ne4 67. Bc4 e5 68. fxe5+ (68. Re2 $17 {was worth a try.}) 68... Kxe5 69. Kf1 $2 (69. Be2 {was necessary.}) 69... Rd1+ 70. Kg2 Rd2+ 71. Kg1 {[%emt 0:10:35] [#]} g5 $1 72. hxg5 f4 73. gxf4+ Kxf4 74. Re1 Nxg5 75. Re7 (75. Kf1 $142 Ne4 76. Bb5) 75... Nf3+ {[%emt 0:00:17] Black is clearly winning.} 76. Kf1 g5 77. Be2 Nd4 78. Bc4 g4 79. Rf7+ Kg3 {[%emt 0:00:24][%cal Rd2d1] [#]} 80. Ke1 {[%emt 0:00:05] Wards off Rd1+} Rb2 {[%emt 0:00:25] Strongly threatening ...Nf3+.} 81. Rg7 Nc2+ ({Weaker is} 81... Nxb3 82. Be2 $17) 82. Kd2 Na3+ 83. Kc3 Nxc4 84. Kxc4 Rf2 {[%emt 0:00:15] Weighted Error Value: White=0.14 (very precise) /Black=0.06 (flawless)} 0-1